Hartford Whalers vs St.Louis Blues
Created - Sunday, February 1, 2026 at 07:10
Goals
|
| Hartford Whalers |
2 |
2 |
2 |
6 |
| St.Louis Blues |
0 |
1 |
1 |
2 |
|
Shots
|
| Hartford Whalers |
14 |
8 |
10 |
32 |
| St.Louis Blues |
7 |
17 |
9 |
33 |
|
1st period
1. Hartford Whalers , Tyler Seguin 3 (Matthew Coronato 2, Seth Jones 6) at 1:44
2. Hartford Whalers , Sidney Crosby 5 (Nick Suzuki 9) at 3:01 (PP)
Penalties :
Nikita Kucherov (STL) for Tripping (Minor) at 2:12, Nikita Kucherov (STL) for Cross-checking (Minor) at 5:41
2nd period
3. Hartford Whalers , Sidney Crosby 6 (Jordan Kyrou 5) at 6:06
4. St.Louis Blues , Brandon Hagel 2 (Vincent Trocheck 4) at 8:17
5. Hartford Whalers , Carter Verhaeghe 3 (Joshua Norris 9) at 19:46
Penalties :
Simon Edvinsson (HFD) for High sticking (Minor) at 12:13
3rd period
6. St.Louis Blues , Nikita Kucherov 10 (Robert Thomas 7, Jake Sanderson 7) at 0:10
7. Hartford Whalers , Dylan Guenther 6 (Nick Suzuki 10, Devon Toews 4) at 0:50
8. Hartford Whalers , Joshua Norris 8 (Braden Schneider 4) at 7:13
Penalties :
Nikita Kucherov (STL) for Tripping (Minor) at 7:16, Braden Schneider (HFD) for Holding (Minor) at 10:17, Mikhail Sergachev (STL) for Fighting (Major) at 15:05, Simon Edvinsson (HFD) for Fighting (Major) at 15:05, Joshua Norris (HFD) for Hooking (Minor) at 15:19
Goalie Stats
Joseph Woll (HFD), 31 saves from 33 shots - (0.939), W, 8-4-1, 60:00 minutes
Scott Wedgewood (STL), 26 saves from 32 shots - (0.813), L, 2-2-1, 60:00 minutes
Players Stats for Hartford Whalers
Player Name G A P +/- PIM S H SB GA TA FO MP PP MP PK MP
------------------------------------------------------------------------------------
Anthony Cirelli 0 0 0 2 0 2 1 0 0 0 4/6 18:10 0:00 2:55
Braden Schneider 0 1 1 1 2 0 0 3 0 0 0/0 24:20 2:06 1:38
Carter Verhaeghe 1 0 1 2 0 4 0 2 2 0 0/1 17:58 0:00 3:33
Devon Toews 0 1 1 1 0 1 0 2 0 1 0/0 20:12 2:41 0:54
Dylan Guenther 1 0 1 -1 0 2 2 0 1 0 1/1 14:20 2:35 0:00
Jonathan Drouin 0 0 0 1 0 0 0 1 0 0 0/0 8:36 0:00 0:00
Jordan Kyrou 0 1 1 1 0 6 3 0 1 1 0/2 16:09 2:12 0:00
Joshua Norris 1 1 2 2 2 5 1 1 1 0 10/21 16:38 0:00 2:12
Kaiden Guhle 0 0 0 1 0 0 1 0 0 0 0/0 19:01 2:06 3:42
Matthew Coronato 0 1 1 1 0 0 0 0 0 0 1/1 8:36 0:00 0:00
Nick Suzuki 0 2 2 -1 0 2 2 0 2 0 6/17 14:23 2:35 0:03
Pierre-Luc Dubois 0 0 0 1 0 1 2 2 2 0 0/2 16:58 2:12 0:47
Seth Jones 0 1 1 1 0 0 2 0 0 1 0/0 26:03 2:41 1:54
Sidney Crosby 2 0 2 1 0 6 2 0 0 1 4/14 16:31 2:35 0:00
Simon Edvinsson 0 0 0 1 7 0 1 2 0 0 0/0 12:43 0:00 0:37
Tyler Seguin 1 0 1 1 0 3 1 1 0 0 5/8 10:30 2:12 0:00
Tyson Foerster 0 0 0 -1 0 0 2 0 1 0 0/0 14:42 0:00 2:24
Vladislav Gavrikov 0 0 0 1 0 0 1 1 0 1 0/0 18:09 0:00 3:09
Players Stats for St.Louis Blues
Player Name G A P +/- PIM S H SB GA TA FO MP PP MP PK MP
------------------------------------------------------------------------------------
Adam Pelech 0 0 0 -1 0 1 0 1 0 0 0/0 10:10 0:00 0:00
Alex Tuch 0 0 0 0 0 0 2 0 0 1 0/0 14:39 2:48 0:00
Artem Zub 0 0 0 -1 0 0 0 3 0 0 0/0 13:36 0:00 2:38
Brandon Hagel 1 0 1 0 0 2 2 0 0 1 0/0 13:48 2:33 0:00
Brandon Tanev 0 0 0 0 0 1 2 0 0 0 0/0 8:10 0:02 2:00
Brayden Point 0 0 0 -2 0 3 1 0 2 1 5/9 17:11 3:09 0:00
Colton Parayko 0 0 0 -2 0 1 1 4 0 1 0/0 24:54 0:52 2:09
Isac Lundestrom 0 0 0 0 0 2 0 0 0 1 2/5 10:08 2:33 2:15
Jaccob Slavin 0 0 0 0 0 0 2 0 0 1 0/0 18:46 0:00 2:38
Jack Eichel 0 0 0 -1 0 1 0 0 1 1 1/1 21:12 3:22 0:00
Jake Guentzel 0 0 0 -2 0 1 0 0 0 0 0/0 15:10 0:02 0:32
Jake Sanderson 0 1 1 -2 0 1 3 0 0 2 0/0 27:39 3:09 2:09
Logan O'Connor 0 0 0 0 0 1 1 0 0 0 0/0 7:38 0:00 2:15
Mark Stone 0 0 0 -2 0 3 2 0 0 0 1/3 14:42 0:02 0:00
Mikhail Sergachev 0 0 0 0 5 2 1 0 0 0 0/0 17:56 1:56 0:00
Nikita Kucherov 1 0 1 -1 6 6 2 0 1 0 3/3 21:32 3:22 0:00
Robert Thomas 0 1 1 -1 0 4 1 0 0 1 22/37 21:45 3:22 0:32
Vincent Trocheck 0 1 1 0 0 4 2 0 1 0 8/15 16:13 2:33 2:00
3 Stars
1 - Sidney Crosby (HFD)
2 - Joshua Norris (HFD)
3 - Carter Verhaeghe (HFD)
Power Play
Hartford Whalers - 1 on 3 Attempt(s) - 33.33%
St.Louis Blues - 0 on 3 Attempt(s) - 0.00%
Penalty Kill
Hartford Whalers - 3 on 3 Attempt(s) - 100.00%
- Score 0 goal in Penalty Kill
St.Louis Blues - 2 on 3 Attempt(s) - 66.67%
- Score 0 goal in Penalty Kill
Team Stat
Hartford Whalers - Hits : 21 - Faceoff Wins : 31 - Blocked Shots : 15 - Penalty Minutes : 11
St.Louis Blues - Hits : 22 - Faceoff Wins : 42 - Blocked Shots : 8 - Penalty Minutes : 11
Official
Referees : Peter Macdougall and Tj Luxmore
Linesman : Travis Toomey and Brad Kovachik
Game Notes
Mikhail Sergachev and Simon Edvinsson fight to a draw at 15:05 of 3rd period
Finance
Level 1 -- Attendance: 5562 (92.70%) -- Ticket Income $528,390
Level 2 -- Attendance: 4064 (81.28%) -- Ticket Income $231,648
Level 3 -- Attendance: 2636 (87.87%) -- Ticket Income $86,988
Level 4 -- Attendance: 5000 (100.00%) -- Ticket Income $115,000
Luxury Box -- Attendance: 717 (71.70%) -- Ticket Income $139,098
Game was played at the Scottrade Center.
Total Attendance: 17979 (89.90%)
Total Ticket Income: $1,101,124
Other Income: $385,393
Total Income: $1,486,517
Hartford Whalers
5 vs 5 Forward
Center Left Wing Right Wing Time % Phy DF OF
1 Joshua Norris Anthony Cirelli Carter Verhaeghe 30 1 3 1
2 Sidney Crosby Pierre-Luc Dubois Jordan Kyrou 30 1 1 3
3 Nick Suzuki Tyson Foerster Dylan Guenther 25 0 2 3
4 Tyler Seguin Jonathan Drouin Matthew Coronato 15 1 2 2
5 vs 5 Defense
Defense Defense Time % Phy DF OF
1 Vladislav Gavrikov Braden Schneider 30 1 3 1
2 Devon Toews Seth Jones 30 1 3 1
3 Simon Edvinsson Kaiden Guhle 25 1 3 1
4 Seth Jones Braden Schneider 15 1 3 1
PowerPlay Forward
Center Left Wing Right Wing Time % Phy DF OF
1 Sidney Crosby Dylan Guenther Nick Suzuki 50 1 0 4
2 Tyler Seguin Pierre-Luc Dubois Jordan Kyrou 50 1 0 4
PowerPlay Defense
Defense Defense Time % Phy DF OF
1 Devon Toews Seth Jones 50 1 1 3
2 Kaiden Guhle Braden Schneider 50 1 1 3
Penalty Kill 4 Players Forward
Center Wing Time % Phy DF OF
1 Joshua Norris Carter Verhaeghe 50 1 4 0
2 Anthony Cirelli Tyson Foerster 50 1 4 0
Penalty Kill 4 Players Defense
Defense Defense Time % Phy DF OF
1 Kaiden Guhle Seth Jones 50 2 3 0
2 Vladislav Gavrikov Braden Schneider 50 2 3 0
Penalty Kill - 3 Players Forward
Forward Time % Phy DF OF
1 Joshua Norris 50 0 5 0
2 Anthony Cirelli 50 0 5 0
Penalty Kill - 3 Players Defense
Defense Defense Time % Phy DF OF
1 Vladislav Gavrikov Braden Schneider 50 2 3 0
2 Kaiden Guhle Seth Jones 50 2 3 0
4 vs 4 Forward
Center Wing Time % Phy DF OF
1 Sidney Crosby Nick Suzuki 50 0 3 2
2 Joshua Norris Anthony Cirelli 50 1 3 1
4 vs 4 Defense
Defense Defense Time % Phy DF OF
1 Devon Toews Seth Jones 50 1 3 1
2 Kaiden Guhle Braden Schneider 50 1 3 1
Last Minutes Offensive
Center Left Wing Right Wing Defense Defense
Sidney Crosby Dylan Guenther Nick Suzuki Devon Toews Seth Jones
Last Minutes Defensive
Center Left Wing Right Wing Defense Defense
Joshua Norris Carter Verhaeghe Anthony Cirelli Vladislav Gavrikov Braden Schneider
Goaltenders
Starting : Joseph Woll
Backup : Samuel Montembeault
Extra Forwards
Normal : Dylan Guenther, Jordan Kyrou, Jonathan Drouin - PP : Dylan Guenther, Tyler Seguin - PK : Anthony Cirelli
Extra Defensemen
Normal : Braden Schneider, Kaiden Guhle, Seth Jones - PP : Devon Toews - PK : Vladislav Gavrikov, Braden Schneider
Penalty Shots
Tyler Seguin, Pierre-Luc Dubois, Sidney Crosby, Nick Suzuki, Jonathan Drouin
Scratches
Shakir Mukhamadullin (Healthy), Calle Odelius (Healthy)
St.Louis Blues
5 vs 5 Forward
Center Left Wing Right Wing Time % Phy DF OF
1 Robert Thomas Jack Eichel Nikita Kucherov 40 0 2 3
2 Brayden Point Jake Guentzel Mark Stone 30 0 2 3
3 Vincent Trocheck Brandon Hagel Alex Tuch 25 1 2 2
4 Isac Lundestrom Brandon Tanev Logan O'Connor 5 1 3 1
5 vs 5 Defense
Defense Defense Time % Phy DF OF
1 Jake Sanderson Colton Parayko 45 0 3 2
2 Mikhail Sergachev Jaccob Slavin 35 0 3 2
3 Artem Zub Adam Pelech 20 1 2 2
4 Jake Sanderson Colton Parayko 0 0 3 2
PowerPlay Forward
Center Left Wing Right Wing Time % Phy DF OF
1 Robert Thomas Jack Eichel Nikita Kucherov 60 0 0 5
2 Vincent Trocheck Brandon Hagel Isac Lundestrom 40 0 0 5
PowerPlay Defense
Defense Defense Time % Phy DF OF
1 Brayden Point Jake Sanderson 60 0 0 5
2 Alex Tuch Mikhail Sergachev 40 0 0 5
Penalty Kill 4 Players Forward
Center Wing Time % Phy DF OF
1 Vincent Trocheck Brandon Tanev 50 0 5 0
2 Isac Lundestrom Logan O'Connor 50 0 5 0
Penalty Kill 4 Players Defense
Defense Defense Time % Phy DF OF
1 Colton Parayko Jake Sanderson 50 1 4 0
2 Jaccob Slavin Artem Zub 50 1 4 0
Penalty Kill - 3 Players Forward
Forward Time % Phy DF OF
1 Vincent Trocheck 50 0 5 0
2 Isac Lundestrom 50 0 5 0
Penalty Kill - 3 Players Defense
Defense Defense Time % Phy DF OF
1 Colton Parayko Mikhail Sergachev 50 0 5 0
2 Jaccob Slavin Artem Zub 50 0 5 0
4 vs 4 Forward
Center Wing Time % Phy DF OF
1 Jack Eichel Nikita Kucherov 50 0 2 3
2 Robert Thomas Brayden Point 50 0 2 3
4 vs 4 Defense
Defense Defense Time % Phy DF OF
1 Jake Sanderson Jaccob Slavin 50 0 3 2
2 Mikhail Sergachev Colton Parayko 50 0 3 2
Last Minutes Offensive
Center Left Wing Right Wing Defense Defense
Robert Thomas Jack Eichel Nikita Kucherov Brayden Point Jake Sanderson
Last Minutes Defensive
Center Left Wing Right Wing Defense Defense
Vincent Trocheck Isac Lundestrom Brandon Tanev Jaccob Slavin Colton Parayko
Goaltenders
Starting : Scott Wedgewood
Backup : Connor Hellebuyck
Extra Forwards
Normal : Jake Guentzel, Alex Tuch, Mark Stone - PP : Nikita Kucherov, Mark Stone - PK : Robert Thomas
Extra Defensemen
Normal : Mikhail Sergachev, Jaccob Slavin, Artem Zub - PP : Colton Parayko - PK : Artem Zub, Mikhail Sergachev
Penalty Shots
Alex Tuch, Brayden Point, Jake Guentzel, Jack Eichel, Nikita Kucherov
Scratches
Matthew Seminoff (Healthy), Connor Clifton (Healthy), Joona Koppanen (Healthy)
% Time on Ice - Hartford Whalers
Lines # - Real PCT - Wanted PCT - Time Play
Normal Forward
1 - 29% - 30% - 14:25
2 - 29% - 30% - 14:30
3 - 24% - 25% - 11:45
4 - 17% - 15% - 8:36
Normal Defense
1 - 30% - 30% - 14:38
2 - 32% - 30% - 15:39
3 - 26% - 25% - 12:56
4 - 12% - 15% - 6:03
PP Forward
1 - 54% - 50% - 2:35
2 - 46% - 50% - 2:12
PP Defense
1 - 56% - 50% - 2:41
2 - 44% - 50% - 2:06
PK Forward
1 - 60% - 50% - 3:33
2 - 40% - 50% - 2:24
PK Defense
1 - 39% - 50% - 2:20
2 - 61% - 50% - 3:37
PK3 Forward
1 - 0% - 50%
2 - 0% - 50%
PK3 Defense
1 - 0% - 50%
2 - 0% - 50%
44 Forward
1 - 0% - 50%
2 - 0% - 50%
44 Defense
1 - 0% - 50%
2 - 0% - 50%
Last Minute Offensive - 0:00
Last Minute Defensive - 0:00
Total
Forward - 60:00
Defense - 60:00
|
% Time on Ice - St.Louis Blues
Lines # - Real PCT - Wanted PCT - Time Play
Normal Forward
1 - 38% - 40% - 18:33
2 - 29% - 30% - 14:17
3 - 22% - 25% - 11:03
4 - 11% - 5% - 5:23
Normal Defense
1 - 44% - 45% - 21:27
2 - 36% - 35% - 17:39
3 - 21% - 20% - 10:10
4 - 0% - 0% - 0:00
PP Forward
1 - 57% - 60% - 3:24
2 - 43% - 40% - 2:33
PP Defense
1 - 53% - 60% - 3:09
2 - 47% - 40% - 2:48
PK Forward
1 - 46% - 50% - 2:12
2 - 54% - 50% - 2:35
PK Defense
1 - 45% - 50% - 2:09
2 - 55% - 50% - 2:38
PK3 Forward
1 - 0% - 50%
2 - 0% - 50%
PK3 Defense
1 - 0% - 50%
2 - 0% - 50%
44 Forward
1 - 0% - 50%
2 - 0% - 50%
44 Defense
1 - 0% - 50%
2 - 0% - 50%
Last Minute Offensive - 0:00
Last Minute Defensive - 0:00
Total
Forward - 60:00
Defense - 60:00
|
Play-by-Play
1st period
0:01 of 1st period - Robert Thomas wins face-off versus Joshua Norris in neutral zone.
0:14 of 1st period - Wrist shot by Jack Eichel.
0:14 of 1st period - Shot Misses the Net.
0:26 of 1st period - Braden Schneider is hit by Jake Sanderson and loses puck.
0:33 of 1st period - Snap shot by Jordan Kyrou.
0:33 of 1st period - Stopped by Scott Wedgewood without a rebound.
0:34 of 1st period - Nick Suzuki wins face-off versus Vincent Trocheck in St.Louis Blues zone.
0:53 of 1st period - Alex Tuch is hit by Dylan Guenther and loses puck.
1:22 of 1st period - Mikhail Sergachev is hit by Seth Jones and loses puck.
1:33 of 1st period - Devon Toews is hit by Brayden Point and loses puck.
1:44 of 1st period - Wrist shot by Matthew Coronato.
1:44 of 1st period - Deflect By Tyler Seguin.
1:44 of 1st period - Goal by Tyler Seguin - Hartford Whalers : 1 - St.Louis Blues : 0.
1:45 of 1st period - Nikita Kucherov wins face-off versus Sidney Crosby in neutral zone.
1:50 of 1st period - Snap shot by Jack Eichel.
1:50 of 1st period - Shot Misses the Net.
1:52 of 1st period - Snap shot by Jack Eichel.
1:52 of 1st period - Shot Blocked by Simon Edvinsson.
1:54 of 1st period - Slapshot by Adam Pelech.
1:54 of 1st period - Stopped by Joseph Woll without a rebound.
1:55 of 1st period - Robert Thomas wins face-off versus Sidney Crosby in Hartford Whalers zone.
2:10 of 1st period - Slapshot by Sidney Crosby.
2:10 of 1st period - Stopped by Scott Wedgewood with a rebound.
2:12 of 1st period - Minor Penalty to Nikita Kucherov for Tripping.
2:13 of 1st period - Sidney Crosby wins face-off versus Vincent Trocheck in St.Louis Blues zone.
2:39 of 1st period - Devon Toews is hit by Logan O'Connor and loses puck.
2:47 of 1st period - Off-side.
2:48 of 1st period - Sidney Crosby wins face-off versus Isac Lundestrom in neutral zone.
3:01 of 1st period - Snap shot by Sidney Crosby.
3:01 of 1st period - Goal by Sidney Crosby - Hartford Whalers : 2 - St.Louis Blues : 0.
3:02 of 1st period - Robert Thomas wins face-off versus Joshua Norris in neutral zone.
3:36 of 1st period - Snap shot by Nick Suzuki.
3:36 of 1st period - Stopped by Scott Wedgewood without a rebound.
3:37 of 1st period - Vincent Trocheck wins face-off versus Sidney Crosby in St.Louis Blues zone.
3:52 of 1st period - Snap shot by Sidney Crosby.
3:52 of 1st period - Stopped by Scott Wedgewood with a rebound.
3:54 of 1st period - Slapshot by Sidney Crosby.
3:54 of 1st period - Shot Misses the Net.
4:01 of 1st period - Icing by Artem Zub.
4:02 of 1st period - Joshua Norris wins face-off versus Robert Thomas in St.Louis Blues zone.
4:09 of 1st period - Wrist shot by Joshua Norris.
4:09 of 1st period - Shot Misses the Net.
4:11 of 1st period - Slapshot by Joshua Norris.
4:11 of 1st period - Stopped by Scott Wedgewood without a rebound.
4:12 of 1st period - Nick Suzuki wins face-off versus Brayden Point in St.Louis Blues zone.
4:37 of 1st period - Joshua Norris is hit by Robert Thomas and loses puck.
4:58 of 1st period - Slapshot by Matthew Coronato.
4:58 of 1st period - Deflect By Tyler Seguin.
4:58 of 1st period - Shot Misses the Net.
4:58 of 1st period - Puck is out of play.
4:59 of 1st period - Tyler Seguin wins face-off versus Vincent Trocheck in St.Louis Blues zone.
5:41 of 1st period - Minor Penalty to Nikita Kucherov for Cross-checking.
5:42 of 1st period - Vincent Trocheck wins face-off versus Tyler Seguin in St.Louis Blues zone.
5:55 of 1st period - Snap shot by Isac Lundestrom.
5:55 of 1st period - Shot Blocked by Pierre-Luc Dubois.
7:41 of 1st period - Penalty to Nikita Kucherov is over, Nikita Kucherov is back on ice.
8:12 of 1st period - Wrist shot by Robert Thomas.
8:12 of 1st period - Stopped by Joseph Woll with a rebound.
9:29 of 1st period - Nick Suzuki is hit by Mark Stone and loses puck.
10:18 of 1st period - Tyler Seguin is hit by Brandon Tanev and loses puck.
10:57 of 1st period - Snap shot by Brayden Point.
10:57 of 1st period - Stopped by Joseph Woll without a rebound.
10:58 of 1st period - Anthony Cirelli wins face-off versus Robert Thomas in Hartford Whalers zone.
11:55 of 1st period - Seth Jones is hit by Alex Tuch and loses puck.
12:06 of 1st period - Wrist shot by Brandon Tanev.
12:06 of 1st period - Shot Blocked by Jonathan Drouin.
12:30 of 1st period - Wrist shot by Joshua Norris.
12:30 of 1st period - Deflect By Carter Verhaeghe.
12:30 of 1st period - Shot Blocked by Colton Parayko.
12:30 of 1st period - Puck is out of play.
12:31 of 1st period - Joshua Norris wins face-off versus Robert Thomas in St.Louis Blues zone.
12:32 of 1st period - Slapshot by Carter Verhaeghe.
12:32 of 1st period - Shot Misses the Net.
12:58 of 1st period - Jaccob Slavin is hit by Sidney Crosby and loses puck.
13:27 of 1st period - Brandon Hagel is hit by Nick Suzuki and loses puck.
14:16 of 1st period - Snap shot by Carter Verhaeghe.
14:16 of 1st period - Shot Blocked by Colton Parayko.
14:18 of 1st period - Slapshot by Joshua Norris.
14:18 of 1st period - Shot Misses the Net.
14:56 of 1st period - Wrist shot by Dylan Guenther.
14:56 of 1st period - Shot Blocked by Artem Zub.
14:58 of 1st period - Snap shot by Tyson Foerster.
14:58 of 1st period - Shot Blocked by Adam Pelech.
15:09 of 1st period - Off-side.
15:10 of 1st period - Tyler Seguin wins face-off versus Robert Thomas in neutral zone.
16:02 of 1st period - Wrist shot by Brandon Hagel.
16:02 of 1st period - Stopped by Joseph Woll with a rebound.
16:22 of 1st period - Slapshot by Jack Eichel.
16:22 of 1st period - Shot Hit the Post.
17:03 of 1st period - Slapshot by Carter Verhaeghe.
17:03 of 1st period - Stopped by Scott Wedgewood without a rebound.
17:04 of 1st period - Joshua Norris wins face-off versus Brayden Point in St.Louis Blues zone.
17:05 of 1st period - Snap shot by Carter Verhaeghe.
17:05 of 1st period - Deflect By Anthony Cirelli.
17:05 of 1st period - Stopped by Scott Wedgewood with a rebound.
17:28 of 1st period - Icing by Anthony Cirelli.
17:29 of 1st period - Joshua Norris wins face-off versus Robert Thomas in Hartford Whalers zone.
17:36 of 1st period - Wrist shot by Sidney Crosby.
17:36 of 1st period - Stopped by Scott Wedgewood without a rebound.
17:37 of 1st period - Robert Thomas wins face-off versus Pierre-Luc Dubois in St.Louis Blues zone.
18:29 of 1st period - Snap shot by Jordan Kyrou.
18:29 of 1st period - Stopped by Scott Wedgewood with a rebound.
18:31 of 1st period - Slapshot by Devon Toews.
18:31 of 1st period - Shot Hit the Post.
18:33 of 1st period - Backhand shot by Jordan Kyrou.
18:33 of 1st period - Stopped by Scott Wedgewood with a rebound.
18:35 of 1st period - Slapshot by Jordan Kyrou.
18:35 of 1st period - Stopped by Scott Wedgewood with a rebound.
18:37 of 1st period - Slapshot by Sidney Crosby.
18:37 of 1st period - Deflect By Jordan Kyrou.
18:37 of 1st period - Stopped by Scott Wedgewood without a rebound.
18:38 of 1st period - Robert Thomas wins face-off versus Nick Suzuki in St.Louis Blues zone.
18:38 of 1st period - Robert Thomas is hit by Nick Suzuki.
19:04 of 1st period - Vladislav Gavrikov is hit by Brandon Hagel and loses puck.
19:33 of 1st period - Wrist shot by Logan O'Connor.
19:33 of 1st period - Shot Misses the Net.
19:35 of 1st period - Snap shot by Isac Lundestrom.
19:35 of 1st period - Stopped by Joseph Woll without a rebound.
19:36 of 1st period - Isac Lundestrom wins face-off versus Nick Suzuki in Hartford Whalers zone.
19:37 of 1st period - Slapshot by Logan O'Connor.
19:37 of 1st period - Stopped by Joseph Woll with a rebound.
19:39 of 1st period - Slapshot by Mikhail Sergachev.
19:39 of 1st period - Shot Misses the Net.
19:41 of 1st period - Slapshot by Mikhail Sergachev.
19:41 of 1st period - Stopped by Joseph Woll without a rebound.
19:42 of 1st period - Robert Thomas wins face-off versus Nick Suzuki in Hartford Whalers zone.
Goals for this period are 2 for Hartford Whalers vs 0 for St.Louis Blues.
Shots for this period are 14 for Hartford Whalers vs 7 for St.Louis Blues.
2nd period
0:01 of 2nd period - Sidney Crosby wins face-off versus Robert Thomas in neutral zone.
0:42 of 2nd period - Dylan Guenther is hit by Alex Tuch and loses puck.
0:55 of 2nd period - Icing by Mark Stone.
0:56 of 2nd period - Joshua Norris wins face-off versus Mark Stone in St.Louis Blues zone.
0:59 of 2nd period - Wrist shot by Joshua Norris.
0:59 of 2nd period - Shot Hit the Post.
1:01 of 2nd period - Slapshot by Carter Verhaeghe.
1:01 of 2nd period - Shot Misses the Net.
1:03 of 2nd period - Wrist shot by Carter Verhaeghe.
1:03 of 2nd period - Shot Misses the Net.
1:05 of 2nd period - Wrist shot by Carter Verhaeghe.
1:05 of 2nd period - Stopped by Scott Wedgewood with a rebound.
1:07 of 2nd period - Slapshot by Joshua Norris.
1:07 of 2nd period - Shot Misses the Net.
1:09 of 2nd period - Backhand shot by Anthony Cirelli.
1:09 of 2nd period - Shot Misses the Net.
1:11 of 2nd period - Wrist shot by Braden Schneider.
1:11 of 2nd period - Shot Blocked by Artem Zub.
2:03 of 2nd period - Wrist shot by Joshua Norris.
2:03 of 2nd period - Shot Misses the Net.
2:05 of 2nd period - Snap shot by Kaiden Guhle.
2:05 of 2nd period - Shot Blocked by Artem Zub.
2:07 of 2nd period - Wrist shot by Joshua Norris.
2:07 of 2nd period - Stopped by Scott Wedgewood with a rebound.
2:27 of 2nd period - Slapshot by Joshua Norris.
2:27 of 2nd period - Deflect By Anthony Cirelli.
2:27 of 2nd period - Shot Misses the Net.
2:27 of 2nd period - Puck is out of play.
2:28 of 2nd period - Robert Thomas wins face-off versus Sidney Crosby in St.Louis Blues zone.
2:35 of 2nd period - Snap shot by Jack Eichel.
2:35 of 2nd period - Stopped by Joseph Woll without a rebound.
2:36 of 2nd period - Robert Thomas wins face-off versus Sidney Crosby in Hartford Whalers zone.
3:07 of 2nd period - Jake Sanderson is hit by Jordan Kyrou and loses puck.
3:26 of 2nd period - Wrist shot by Robert Thomas.
3:26 of 2nd period - Shot Blocked by Braden Schneider.
3:38 of 2nd period - Slapshot by Jack Eichel.
3:38 of 2nd period - Shot Misses the Net.
3:51 of 2nd period - Off-side.
3:52 of 2nd period - Vincent Trocheck wins face-off versus Nick Suzuki in neutral zone.
4:18 of 2nd period - Matthew Coronato is hit by Jaccob Slavin.
4:29 of 2nd period - Wrist shot by Brandon Tanev.
4:29 of 2nd period - Deflect By Logan O'Connor.
4:29 of 2nd period - Shot Blocked by Simon Edvinsson.
4:29 of 2nd period - Puck is out of play.
4:30 of 2nd period - Brayden Point wins face-off versus Nick Suzuki in Hartford Whalers zone.
4:40 of 2nd period - Off-side.
4:41 of 2nd period - Vincent Trocheck wins face-off versus Nick Suzuki in neutral zone.
4:54 of 2nd period - Snap shot by Brandon Hagel.
4:54 of 2nd period - Shot Blocked by Braden Schneider.
5:17 of 2nd period - Wrist shot by Joshua Norris.
5:17 of 2nd period - Stopped by Scott Wedgewood without a rebound.
5:18 of 2nd period - Brayden Point wins face-off versus Pierre-Luc Dubois in St.Louis Blues zone.
5:25 of 2nd period - Slapshot by Brayden Point.
5:25 of 2nd period - Shot Misses the Net.
5:27 of 2nd period - Slapshot by Mikhail Sergachev.
5:27 of 2nd period - Stopped by Joseph Woll without a rebound.
5:28 of 2nd period - Robert Thomas wins face-off versus Jordan Kyrou in Hartford Whalers zone.
5:47 of 2nd period - Colton Parayko is hit by Pierre-Luc Dubois and loses puck.
6:00 of 2nd period - Wrist shot by Jack Eichel.
6:00 of 2nd period - Shot Blocked by Devon Toews.
6:06 of 2nd period - Wrist shot by Sidney Crosby.
6:06 of 2nd period - Goal by Sidney Crosby - Hartford Whalers : 3 - St.Louis Blues : 0.
6:07 of 2nd period - Nick Suzuki wins face-off versus Vincent Trocheck in neutral zone.
6:12 of 2nd period - Wrist shot by Dylan Guenther.
6:12 of 2nd period - Shot Misses the Net.
6:42 of 2nd period - Slapshot by Dylan Guenther.
6:42 of 2nd period - Stopped by Scott Wedgewood without a rebound.
6:43 of 2nd period - Robert Thomas wins face-off versus Anthony Cirelli in St.Louis Blues zone.
7:35 of 2nd period - Icing by Pierre-Luc Dubois.
7:36 of 2nd period - Brayden Point wins face-off versus Tyler Seguin in Hartford Whalers zone.
7:39 of 2nd period - Snap shot by Jake Guentzel.
7:39 of 2nd period - Shot Misses the Net.
8:05 of 2nd period - Snap shot by Jack Eichel.
8:05 of 2nd period - Shot Blocked by Carter Verhaeghe.
8:11 of 2nd period - Snap shot by Nikita Kucherov.
8:11 of 2nd period - Shot Misses the Net.
8:13 of 2nd period - Snap shot by Robert Thomas.
8:13 of 2nd period - Stopped by Joseph Woll without a rebound.
8:14 of 2nd period - Vincent Trocheck wins face-off versus Nick Suzuki in Hartford Whalers zone.
8:17 of 2nd period - Snap shot by Brandon Hagel.
8:17 of 2nd period - Goal by Brandon Hagel - Hartford Whalers : 3 - St.Louis Blues : 1.
8:18 of 2nd period - Robert Thomas wins face-off versus Nick Suzuki in neutral zone.
8:21 of 2nd period - Backhand shot by Robert Thomas.
8:21 of 2nd period - Shot Misses the Net.
8:29 of 2nd period - Slapshot by Dylan Guenther.
8:29 of 2nd period - Shot Misses the Net.
8:33 of 2nd period - Snap shot by Nick Suzuki.
8:33 of 2nd period - Stopped by Scott Wedgewood without a rebound.
8:34 of 2nd period - Vincent Trocheck wins face-off versus Joshua Norris in St.Louis Blues zone.
8:39 of 2nd period - Vladislav Gavrikov is hit by Vincent Trocheck and loses puck.
8:46 of 2nd period - Slapshot by Alex Tuch.
8:46 of 2nd period - Deflect By Vincent Trocheck.
8:46 of 2nd period - Stopped by Joseph Woll without a rebound.
8:47 of 2nd period - Nick Suzuki wins face-off versus Robert Thomas in Hartford Whalers zone.
10:02 of 2nd period - Wrist shot by Nick Suzuki.
10:02 of 2nd period - Shot Misses the Net.
10:08 of 2nd period - Wrist shot by Brandon Tanev.
10:08 of 2nd period - Deflect By Logan O'Connor.
10:08 of 2nd period - Shot Hit the Post.
10:08 of 2nd period - Puck is out of play.
10:09 of 2nd period - Robert Thomas wins face-off versus Joshua Norris in Hartford Whalers zone.
10:12 of 2nd period - Wrist shot by Robert Thomas.
10:12 of 2nd period - Stopped by Joseph Woll without a rebound.
10:13 of 2nd period - Nikita Kucherov wins face-off versus Joshua Norris in Hartford Whalers zone.
10:20 of 2nd period - Snap shot by Nikita Kucherov.
10:20 of 2nd period - Stopped by Joseph Woll without a rebound.
10:21 of 2nd period - Robert Thomas wins face-off versus Sidney Crosby in Hartford Whalers zone.
10:28 of 2nd period - Snap shot by Jack Eichel.
10:28 of 2nd period - Shot Blocked by Pierre-Luc Dubois.
10:38 of 2nd period - Jack Eichel is hit by Jordan Kyrou and loses puck.
10:49 of 2nd period - Vincent Trocheck is hit by Tyson Foerster and loses puck.
11:19 of 2nd period - Snap shot by Brayden Point.
11:19 of 2nd period - Stopped by Joseph Woll with a rebound.
11:21 of 2nd period - Snap shot by Jake Guentzel.
11:21 of 2nd period - Shot Misses the Net.
11:31 of 2nd period - Snap shot by Joshua Norris.
11:31 of 2nd period - Shot Misses the Net.
11:33 of 2nd period - Snap shot by Carter Verhaeghe.
11:33 of 2nd period - Shot Blocked by Colton Parayko.
11:35 of 2nd period - Snap shot by Joshua Norris.
11:35 of 2nd period - Shot Blocked by Colton Parayko.
11:59 of 2nd period - Snap shot by Nikita Kucherov.
11:59 of 2nd period - Shot Misses the Net.
12:01 of 2nd period - Slapshot by Nikita Kucherov.
12:01 of 2nd period - Deflect By Robert Thomas.
12:01 of 2nd period - Stopped by Joseph Woll with a rebound.
12:13 of 2nd period - Minor Penalty to Simon Edvinsson for High sticking.
12:14 of 2nd period - Joshua Norris wins face-off versus Robert Thomas in Hartford Whalers zone.
12:52 of 2nd period - Seth Jones is hit by Mikhail Sergachev and loses puck.
14:13 of 2nd period - Penalty to Simon Edvinsson is over, Simon Edvinsson is back on ice.
14:38 of 2nd period - Icing by Tyson Foerster.
14:39 of 2nd period - Isac Lundestrom wins face-off versus Sidney Crosby in Hartford Whalers zone.
14:42 of 2nd period - Snap shot by Brandon Tanev.
14:42 of 2nd period - Stopped by Joseph Woll with a rebound.
14:48 of 2nd period - Snap shot by Pierre-Luc Dubois.
14:48 of 2nd period - Stopped by Scott Wedgewood without a rebound.
14:49 of 2nd period - Brayden Point wins face-off versus Sidney Crosby in St.Louis Blues zone.
15:06 of 2nd period - Backhand shot by Mark Stone.
15:06 of 2nd period - Stopped by Joseph Woll without a rebound.
15:07 of 2nd period - Robert Thomas wins face-off versus Joshua Norris in Hartford Whalers zone.
15:08 of 2nd period - Snap shot by Nikita Kucherov.
15:08 of 2nd period - Stopped by Joseph Woll with a rebound.
15:10 of 2nd period - Snap shot by Colton Parayko.
15:10 of 2nd period - Stopped by Joseph Woll without a rebound.
15:11 of 2nd period - Robert Thomas wins face-off versus Joshua Norris in Hartford Whalers zone.
15:20 of 2nd period - Snap shot by Nikita Kucherov.
15:20 of 2nd period - Stopped by Joseph Woll without a rebound.
15:21 of 2nd period - Nick Suzuki wins face-off versus Robert Thomas in Hartford Whalers zone.
15:48 of 2nd period - Mikhail Sergachev is hit by Joshua Norris and loses puck.
16:21 of 2nd period - Matthew Coronato is hit by Vincent Trocheck and loses puck.
16:28 of 2nd period - Snap shot by Alex Tuch.
16:28 of 2nd period - Shot Blocked by Tyler Seguin.
16:30 of 2nd period - Wrist shot by Vincent Trocheck.
16:30 of 2nd period - Shot Blocked by Vladislav Gavrikov.
16:44 of 2nd period - Snap shot by Brandon Hagel.
16:44 of 2nd period - Shot Blocked by Braden Schneider.
16:46 of 2nd period - Wrist shot by Vincent Trocheck.
16:46 of 2nd period - Stopped by Joseph Woll without a rebound.
16:47 of 2nd period - Jack Eichel wins face-off versus Nick Suzuki in Hartford Whalers zone.
17:02 of 2nd period - Dylan Guenther is hit by Nikita Kucherov.
17:12 of 2nd period - Joshua Norris is hit by Mark Stone and loses puck.
18:07 of 2nd period - Icing by Dylan Guenther.
18:08 of 2nd period - Tyler Seguin wins face-off versus Brayden Point in Hartford Whalers zone.
18:15 of 2nd period - Snap shot by Jake Guentzel.
18:15 of 2nd period - Stopped by Joseph Woll without a rebound.
18:16 of 2nd period - Joshua Norris wins face-off versus Robert Thomas in Hartford Whalers zone.
19:17 of 2nd period - Off-side.
19:18 of 2nd period - Nikita Kucherov wins face-off versus Carter Verhaeghe in neutral zone.
19:27 of 2nd period - Snap shot by Robert Thomas.
19:27 of 2nd period - Shot Misses the Net.
19:38 of 2nd period - Icing by Kaiden Guhle.
19:39 of 2nd period - Brayden Point wins face-off versus Joshua Norris in Hartford Whalers zone.
19:40 of 2nd period - Snap shot by Mark Stone.
19:40 of 2nd period - Stopped by Joseph Woll with a rebound.
19:46 of 2nd period - Snap shot by Carter Verhaeghe.
19:46 of 2nd period - Goal by Carter Verhaeghe - Hartford Whalers : 4 - St.Louis Blues : 1.
19:47 of 2nd period - Dylan Guenther wins face-off versus Robert Thomas in neutral zone.
19:50 of 2nd period - Wrist shot by Nick Suzuki.
19:50 of 2nd period - Shot Misses the Net.
19:58 of 2nd period - Seth Jones is hit by Colton Parayko and loses puck.
Goals for this period are 2 for Hartford Whalers vs 1 for St.Louis Blues.
Shots for this period are 8 for Hartford Whalers vs 17 for St.Louis Blues.
3rd period
0:01 of 3rd period - Robert Thomas wins face-off versus Nick Suzuki in neutral zone.
0:10 of 3rd period - Slapshot by Nikita Kucherov.
0:10 of 3rd period - Goal by Nikita Kucherov - Hartford Whalers : 4 - St.Louis Blues : 2.
0:11 of 3rd period - Robert Thomas wins face-off versus Sidney Crosby in neutral zone.
0:19 of 3rd period - Snap shot by Jordan Kyrou.
0:19 of 3rd period - Deflect By Sidney Crosby.
0:19 of 3rd period - Stopped by Scott Wedgewood with a rebound.
0:50 of 3rd period - Wrist shot by Dylan Guenther.
0:50 of 3rd period - Goal by Dylan Guenther - Hartford Whalers : 5 - St.Louis Blues : 2.
0:51 of 3rd period - Joshua Norris wins face-off versus Brayden Point in neutral zone.
1:02 of 3rd period - Backhand shot by Mark Stone.
1:02 of 3rd period - Stopped by Joseph Woll with a rebound.
1:04 of 3rd period - Backhand shot by Mark Stone.
1:04 of 3rd period - Shot Blocked by Carter Verhaeghe.
1:06 of 3rd period - Snap shot by Brayden Point.
1:06 of 3rd period - Stopped by Joseph Woll with a rebound.
1:52 of 3rd period - Snap shot by Nikita Kucherov.
1:52 of 3rd period - Shot Blocked by Devon Toews.
1:54 of 3rd period - Wrist shot by Nikita Kucherov.
1:54 of 3rd period - Stopped by Joseph Woll without a rebound.
1:55 of 3rd period - Robert Thomas wins face-off versus Joshua Norris in Hartford Whalers zone.
2:02 of 3rd period - Snap shot by Robert Thomas.
2:02 of 3rd period - Shot Misses the Net.
2:08 of 3rd period - Jack Eichel is hit by Anthony Cirelli and loses puck.
2:26 of 3rd period - Off-side.
2:27 of 3rd period - Nick Suzuki wins face-off versus Vincent Trocheck in neutral zone.
2:32 of 3rd period - Adam Pelech is hit by Tyson Foerster and loses puck.
2:39 of 3rd period - Slapshot by Vincent Trocheck.
2:39 of 3rd period - Stopped by Joseph Woll without a rebound.
2:40 of 3rd period - Robert Thomas wins face-off versus Sidney Crosby in Hartford Whalers zone.
2:43 of 3rd period - Snap shot by Jack Eichel.
2:43 of 3rd period - Shot Misses the Net.
2:45 of 3rd period - Snap shot by Nikita Kucherov.
2:45 of 3rd period - Stopped by Joseph Woll without a rebound.
2:46 of 3rd period - Sidney Crosby wins face-off versus Robert Thomas in Hartford Whalers zone.
2:48 of 3rd period - Icing by Seth Jones.
2:49 of 3rd period - Robert Thomas wins face-off versus Jordan Kyrou in Hartford Whalers zone.
3:12 of 3rd period - Colton Parayko is hit by Pierre-Luc Dubois and loses puck.
3:29 of 3rd period - Snap shot by Jordan Kyrou.
3:29 of 3rd period - Stopped by Scott Wedgewood without a rebound.
3:30 of 3rd period - Joshua Norris wins face-off versus Vincent Trocheck in St.Louis Blues zone.
3:41 of 3rd period - Wrist shot by Carter Verhaeghe.
3:41 of 3rd period - Stopped by Scott Wedgewood with a rebound.
3:43 of 3rd period - Snap shot by Anthony Cirelli.
3:43 of 3rd period - Stopped by Scott Wedgewood without a rebound.
3:44 of 3rd period - Mark Stone wins face-off versus Nick Suzuki in St.Louis Blues zone.
3:59 of 3rd period - Mikhail Sergachev is hit by Seth Jones and loses puck.
4:10 of 3rd period - Carter Verhaeghe is hit by Brandon Hagel and loses puck.
5:04 of 3rd period - Devon Toews is hit by Brandon Tanev and loses puck.
5:26 of 3rd period - Wrist shot by Mark Stone.
5:26 of 3rd period - Shot Misses the Net.
5:33 of 3rd period - Icing by Dylan Guenther.
5:34 of 3rd period - Joshua Norris wins face-off versus Vincent Trocheck in Hartford Whalers zone.
6:28 of 3rd period - Slapshot by Jake Sanderson.
6:28 of 3rd period - Shot Misses the Net.
6:30 of 3rd period - Snap shot by Isac Lundestrom.
6:30 of 3rd period - Stopped by Joseph Woll with a rebound.
7:13 of 3rd period - Wrist shot by Joshua Norris.
7:13 of 3rd period - Goal by Joshua Norris - Hartford Whalers : 6 - St.Louis Blues : 2.
7:14 of 3rd period - Robert Thomas wins face-off versus Joshua Norris in neutral zone.
7:16 of 3rd period - Minor Penalty to Nikita Kucherov for Tripping.
7:17 of 3rd period - Tyler Seguin wins face-off versus Isac Lundestrom in St.Louis Blues zone.
7:19 of 3rd period - Wrist shot by Tyler Seguin.
7:19 of 3rd period - Stopped by Scott Wedgewood without a rebound.
7:20 of 3rd period - Tyler Seguin wins face-off versus Isac Lundestrom in St.Louis Blues zone.
7:35 of 3rd period - Slapshot by Tyler Seguin.
7:35 of 3rd period - Stopped by Scott Wedgewood with a rebound.
7:47 of 3rd period - Snap shot by Dylan Guenther.
7:47 of 3rd period - Shot Misses the Net.
8:13 of 3rd period - Wrist shot by Vincent Trocheck.
8:13 of 3rd period - Stopped by Joseph Woll with a rebound.
8:57 of 3rd period - Seth Jones is hit by Jake Sanderson and loses puck.
9:16 of 3rd period - Penalty to Nikita Kucherov is over, Nikita Kucherov is back on ice.
9:46 of 3rd period - Jake Guentzel is hit by Simon Edvinsson and loses puck.
10:05 of 3rd period - Snap shot by Jack Eichel.
10:05 of 3rd period - Shot Misses the Net.
10:14 of 3rd period - Icing by Mikhail Sergachev.
10:15 of 3rd period - Matthew Coronato wins face-off versus Mark Stone in St.Louis Blues zone.
10:17 of 3rd period - Minor Penalty to Braden Schneider for Holding.
10:18 of 3rd period - Anthony Cirelli wins face-off versus Robert Thomas in Hartford Whalers zone.
10:30 of 3rd period - Snap shot by Carter Verhaeghe.
10:30 of 3rd period - Deflect By Joshua Norris.
10:30 of 3rd period - Stopped by Scott Wedgewood without a rebound.
10:31 of 3rd period - Anthony Cirelli wins face-off versus Robert Thomas in St.Louis Blues zone.
10:40 of 3rd period - Slapshot by Jake Sanderson.
10:40 of 3rd period - Shot Blocked by Joshua Norris.
10:54 of 3rd period - Jake Sanderson is hit by Kaiden Guhle and loses puck.
12:17 of 3rd period - Penalty to Braden Schneider is over, Braden Schneider is back on ice.
13:24 of 3rd period - Wrist shot by Dylan Guenther.
13:24 of 3rd period - Shot Misses the Net.
13:26 of 3rd period - Slapshot by Devon Toews.
13:26 of 3rd period - Stopped by Scott Wedgewood with a rebound.
13:28 of 3rd period - Backhand shot by Nick Suzuki.
13:28 of 3rd period - Shot Misses the Net.
13:53 of 3rd period - Icing by Braden Schneider.
13:54 of 3rd period - Vincent Trocheck wins face-off versus Tyler Seguin in Hartford Whalers zone.
14:07 of 3rd period - Slapshot by Brayden Point.
14:07 of 3rd period - Shot Misses the Net.
15:05 of 3rd period - Mikhail Sergachev and Simon Edvinsson fight to a draw.
15:05 of 3rd period - Penalty to Mikhail Sergachev for Fighting.
15:05 of 3rd period - Penalty to Simon Edvinsson for Fighting.
15:06 of 3rd period - Robert Thomas wins face-off versus Joshua Norris in Hartford Whalers zone.
15:11 of 3rd period - Wrist shot by Jack Eichel.
15:11 of 3rd period - Shot Misses the Net.
15:13 of 3rd period - Slapshot by Jack Eichel.
15:13 of 3rd period - Shot Misses the Net.
15:15 of 3rd period - Slapshot by Colton Parayko.
15:15 of 3rd period - Shot Misses the Net.
15:17 of 3rd period - Snap shot by Robert Thomas.
15:17 of 3rd period - Shot Misses the Net.
15:19 of 3rd period - Minor Penalty to Joshua Norris for Hooking.
15:20 of 3rd period - Anthony Cirelli wins face-off versus Robert Thomas in Hartford Whalers zone.
15:54 of 3rd period - Slapshot by Jake Sanderson.
15:54 of 3rd period - Stopped by Joseph Woll without a rebound.
15:55 of 3rd period - Vincent Trocheck wins face-off versus Anthony Cirelli in Hartford Whalers zone.
16:22 of 3rd period - Vladislav Gavrikov is hit by Nikita Kucherov and loses puck.
17:19 of 3rd period - Penalty to Joshua Norris is over, Joshua Norris is back on ice.
17:24 of 3rd period - Colton Parayko is hit by Tyler Seguin and loses puck.
18:41 of 3rd period - Vincent Trocheck is hit by Dylan Guenther and loses puck.
18:56 of 3rd period - Brandon Tanev is hit by Sidney Crosby.
19:22 of 3rd period - Devon Toews is hit by Jaccob Slavin and loses puck.
19:31 of 3rd period - Jack Eichel is hit by Vladislav Gavrikov and loses puck.
19:42 of 3rd period - Brandon Hagel is hit by Jordan Kyrou.
19:59 of 3rd period - Kaiden Guhle is hit by Jake Sanderson and loses puck.
Goals for this period are 2 for Hartford Whalers vs 1 for St.Louis Blues.
Shots for this period are 10 for Hartford Whalers vs 9 for St.Louis Blues.
Back to the Top